 Dungeon Crawl Stone Soup version 0.29.1-15-g9cfb28693d (webtiles) character file.

Game seed: 1384760475733609561

261 Labrat the Digger (level 6, -1/45 HPs)
             Began as a Meteoran Earth Elementalist on Sept 5, 2023.
             Slain by a gnoll
             ... wielding a +0 flail
              (2 damage)
             ... on level 4 of the Dungeon.
             The game lasted 00:08:21 (599 turns).

Labrat the Digger (Meteoran Earth Elementalist)      Turns: 599, Time: 00:08:21

Health: -1/45      AC:  2    Str:  9    XL:     6   Next: 70%
Magic:  20/23      EV: 12    Int: 20    God:
Gold:   99         SH:  0    Dex: 14    Spells: 11/14 levels left

rFire   . . .      SeeInvis +   (no weapon)
rCold   . . .      Faith    .   (no shield)
rNeg    . . .      Spirit   .   a - +0 robe
rPois   .          Reflect  .   (no helmet)
rElec   .          Harm     .   (no cloak)
rCorr   .          Rampage  .   (no gloves)
Will    .....                   (no boots)
Stlth   +.........              (no amulet)
HPRegen 0.15/turn               k - ring of magical power
MPRegen 0.18/turn               p - ring of see invisible

@: glowing
A: sense surroundings 1, otherworldly, glowing, explore regen
a: no special abilities


You were on level 4 of the Dungeon.
You visited 1 branch of the dungeon, and saw 4 of its levels.

You collected 99 gold pieces.

Inventory:

Armour
 a - a +0 robe (worn)
Jewellery
 k - a ring of magical power (left hand)
 p - a ring of see invisible (right hand)
Wands
 h - a wand of mindburst (8)
Scrolls
 c - a scroll of noise {unknown}
 d - 3 scrolls of brand weapon {unknown}
 e - a scroll of immolation {unknown}
 j - a scroll of amnesia {unknown}
 o - a scroll of blinking {unknown}
Potions
 b - a potion of magic
 f - a potion of might {unknown}
 g - a potion of attraction {unknown}
 i - 2 potions of curing {unknown}
 l - a potion of degeneration {unknown}
 m - a potion of flight {unknown}
 n - a potion of heal wounds {unknown}


   Skills:
 - Level 2.4 Dodging
 - Level 1.4 Stealth
 + Level 4.9 Spellcasting
 - Level 4.0 Transmutations
 + Level 5.6 Earth Magic


You had 11 spell levels left.
You knew the following spells:

 Your Spells              Type           Power      Damage    Failure   Level
a - Sandblast             Erth           54%        2d13      1%          1
b - Passwall              Tmut/Erth      20%        N/A       2%          2

Your spell library contained the following spells:

 Spells                   Type           Power      Damage    Failure   Level
 Stone Arrow              Conj/Erth      32%        3d9       11%         3
 Petrify                  Tmut/Erth      24%        N/A       16%         4


Dungeon Overview and Level Annotations

Branches:
Dungeon (4/15) Zot: 1764
 Temple: D:4-7

Altars:


Innate Abilities, Weirdness & Mutations

You passively map a small area around you.
You are easily found by Zot.
You glow in the dark.
You regain HP and MP as you explore.


Message History

Casting: Sandblast (safe; 1% risk of failure)
Confirm with . or Enter, or press ? or * to list all spells.
Aiming: Sandblast (safe; 1% risk of failure)
Press: ? - help, Shift-Dir - straight line, f - gnoll
Aim: a gnoll, wielding a +0 flail (85% to hit)
The blast of sand hits the gnoll.
The gnoll is moderately wounded.
The gnoll shouts!
The gnoll hits you with a +0 flail.
Casting: Sandblast (safe; 1% risk of failure)
Confirm with . or Enter, or press ? or * to list all spells.
Aiming: Sandblast (safe; 1% risk of failure)
Press: ? - help, Shift-Dir - straight line, f/p - gnoll
Aim: a gnoll, wielding a +0 flail (moderately wounded, 85% to hit)
The blast of sand misses the gnoll.
The gnoll closely misses you.
The gnoll hits you from afar with a +0 spear!
The gnoll hits you with a +0 flail! x3
* * * LOW HITPOINT WARNING * * *
The gnoll hits you from afar with a +0 spear.
* * * LOW HITPOINT WARNING * * *
Casting: Sandblast (safe; 1% risk of failure)
Confirm with . or Enter, or press ? or * to list all spells.
Aiming: Sandblast (safe; 1% risk of failure)
Press: ? - help, Shift-Dir - straight line, f/p - gnoll
Aim: a gnoll, wielding a +0 flail (moderately wounded, 85% to hit)
The blast of sand hits the gnoll!!
You kill the gnoll!
The gnoll hits you with a +0 flail.
* * * LOW HITPOINT WARNING * * *
The gnoll hits you from afar with a +0 spear.
* * * LOW HITPOINT WARNING * * *
Casting: Sandblast (safe; 1% risk of failure)
Confirm with . or Enter, or press ? or * to list all spells.
Aiming: Sandblast (safe; 1% risk of failure)
Press: ? - help, Shift-Dir - straight line, f - gnoll
Aim: a gnoll, wielding a +0 flail and quivering a throwing net (85% to hit)
The blast of sand hits the gnoll!
The gnoll is almost dead.
The gnoll hits you with a +0 flail.
You die...

#....## ,
#.....# , *
##.....# ,
#......###
*#.####....###
* #.#
###....### **
..# ####...# ,
.# ######
###..# ,
#.)@.# *### *
.....ggg)..# ,
*...........#
...........# ,
...........#
.........###
.........# ,
.........# , *
* , ,


You could see 2 gnolls and a goblin.

Vanquished Creatures
  Sigmund (D:3)
  An orc wizard (D:4)
  2 gnolls (D:4)
  5 orcs (D:4)
  A ball python (D:3)
  2 endoplasms
  7 giant cockroaches
  4 goblins
  7 hobgoblins
  11 jackals
  A bat (D:1)
  2 frilled lizards
  5 kobolds
  3 rats (D:1)
52 creatures vanquished.

Notes
Turn   | Place    | Note
-------+----------+-------------------------------------------
     0 | D:1      | Labrat the Meteoran Earth Elementalist began the quest for
                  | the Orb.
     0 | D:1      | Reached XP level 1. HP: 14/14 MP: 5/5
    43 | D:1      | Reached XP level 2. HP: 8/20 MP: 0/6
    94 | D:2      | Reached skill level 4 in Earth Magic
    98 | D:2      | Reached XP level 3. HP: 26/26 MP: 2/8
   230 | D:3      | Noticed Sigmund
   236 | D:3      | Killed Sigmund
   237 | D:3      | Reached skill level 5 in Earth Magic
   237 | D:3      | Reached XP level 4. HP: 8/33 MP: 4/11
   237 | D:3      | Reached XP level 5. HP: 10/38 MP: 4/12
   237 | D:3      | Reached XP level 6. HP: 12/45 MP: 4/13
   309 | D:2      | Found a faded altar of an unknown god.
   328 | D:2      | Learned a level 2 spell: Passwall
   598 | D:4      | HP: 1/45 [gnoll/+0 spear (3)]
   599 | D:4      | Slain by a gnoll

Illustrated notes

Levels and vault maps discovered:
D:1:      sevenhm_arrival_forest_fort_small_3, layout_rooms,
          minmay_worlds_worst_comb
D:2:      layout_loops_ring, hellmonk_ecumenical_altar_crossroads,
          hangedman_decor_peaks_small, grunt_ministairs_6, corexii_shack,
          nicolae_underground_beach
D:3:      minmay_roachtagon, layout_basic, uniq_sigmund
D:4:      minmay_door_path, layout_cave_pods, mainiacjoe_overflow_alcove_2,
          amcnicky_altar_gilded, minmay_temple_entry_arrows

Skill      XL: |  1  2  3  4  5  6 |
---------------+-------------------+-----
Spellcasting   | 3 4 |  4.9
Earth Magic    | 4 5 |  5.6
Transmutations | 2 3 4 |  4.0
Dodging        | |  2.4
Stealth        | |  1.4

Action                   |  1- 3 |  4- 6 || total
-------------------------+-------+-------++-------
Melee: Unarmed           |    12 |       ||    12
 Cast: Sandblast         |    34 |    40 ||    74
       Passwall          |       |     7 ||     7
Armor: Robe              |     6 |       ||     6
Dodge: Dodged            |    21 |     6 ||    27
